 Dungeon Crawl Stone Soup version 0.24.0-123-gd5b16e6ec5 (webtiles) character file.

Game seed: 10063002846842495027, levelgen mode: deterministic

24 Legadrian the Insei (level 3, 0/26 HPs)
             Began as a Human Transmuter on Feb 9, 2020.
             Slain by an adder skeleton (2 damage)
             ... on level 2 of the Dungeon on Feb 11, 2020.
             The game lasted 00:08:51 (1231 turns).

Legadrian the Insei (Human Transmuter)              Turns: 1231, Time: 00:08:52

Health: 0/26       AC:  2    Str: 13    XL:     3   Next: 15%
Magic:  7/7        EV: 12    Int: 14    God:
Gold:   49         SH:  0    Dex: 13    Spells: 4/7 levels left

rFire    . . .     SeeInvis .     - Unarmed
rCold    . . .     Gourm    +   (no shield)
rNeg     . . .     Faith    .   b - +0 robe
rPois    .         Spirit   .   (no helmet)
rElec    .         Reflect  .   (no cloak)
rCorr    .         Harm     .   (no gloves)
MR       .....                  (no boots)
Stlth    +.........             h - amulet of the gourmand
HPRegen  0.08/turn              k - +3 ring of strength
MPRegen  0.10/turn              (no ring)

@: no status effects
A: no striking features
a: no special abilities


You were on level 2 of the Dungeon.
You were not hungry.

You visited 1 branch of the dungeon, and saw 2 of its levels.

You collected 49 gold pieces.

Inventory:

Missiles
 a - 10 arrows
 c - 6 atropa-tipped darts (quivered)
Armour
 b - a +0 robe (worn)
Jewellery
 h - an amulet of the gourmand (around neck)
 k - a +3 ring of strength (left hand)
Scrolls
 i - a scroll of teleportation {unknown}
 j - a scroll of identify {unknown}
Potions
 e - 3 potions of degeneration {unknown}
 g - 2 potions of heal wounds {unknown}
Comestibles
 d - 3 rations


   Skills:
 - Level 1.0 Fighting
 - Level 2.3 Dodging
 - Level 3.1 Unarmed Combat
 + Level 2.7 Spellcasting
 - Level 2.2 Transmutations


You had 4 spell levels left.
You knew the following spells:

 Your Spells              Type           Power        Failure   Level  Hunger
a - Beastly Appendage     Tmut           #.....       9%          1    #......
b - Sticks to Snakes      Tmut           #.......     14%         2    ###....

Your spell library contained the following spells:

 Spells                   Type           Power        Failure   Level  Hunger
 Spider Form              Tmut/Pois      #.........   38%         3    ###....
 Ice Form                 Ice/Tmut       #.......     80%         4    #####..
 Blade Hands              Tmut           #.........   94%         5    ######.


Dungeon Overview and Level Annotations

Branches:
Dungeon (2/15)

Altars:


Message History

The adder skeleton bites you but does no damage.
The kobold hits you but does no damage. The goblin hits you but does no damage.
The adder skeleton bites you but does no damage.
The kobold hits you but does no damage. The goblin hits you with a +0 dagger.
* * * LOW HITPOINT WARNING * * *
The adder skeleton bites you.
* * * LOW HITPOINT WARNING * * *
The kobold barely misses you. The goblin hits you but does no damage.
The adder skeleton bites you.
* * * LOW HITPOINT WARNING * * *
The kobold hits you but does no damage. The goblin hits you but does no damage.
The adder skeleton bites you.
* * * LOW HITPOINT WARNING * * *
The kobold misses you. The goblin closely misses you.
The adder skeleton barely misses you. The kobold closely misses you.
The goblin hits you but does no damage. The adder skeleton closely misses you.
The kobold barely misses you. The goblin barely misses you.
The adder skeleton bites you.
You die...

#.............#
#..............
#.............#
#.............+
#.............#
#.............#
#.....KgZ.....#
.......@......#
..#####'#######
#<...# ######


You could see a goblin, a kobold and an adder skeleton.

Vanquished Creatures
  An ooze (D:1)
  3 bats (D:1)
  3 goblins (D:1)
  A hobgoblin (D:1)
  4 jackals (D:1)
  2 kobolds (D:1)
  3 rats (D:1)
17 creatures vanquished.

Vanquished Creatures (collateral kills)
  A dart slug (D:1)
  A frilled lizard (D:1)
2 creatures vanquished.

Grand Total: 19 creatures vanquished

Notes
Turn   | Place    | Note
-------+----------+-------------------------------------------
     0 | D:1      | Legadrian the Human Transmuter began the quest for the Orb.
     0 | D:1      | Reached XP level 1. HP: 15/15 MP: 3/3
   201 | D:1      | Reached XP level 2. HP: 6/21 MP: 1/5
   423 | D:1      | Learned a level 2 spell: Sticks to Snakes
   757 | D:1      | Reached XP level 3. HP: 25/26 MP: 6/6
  1231 | D:2      | Slain by an adder skeleton

Levels and vault maps discovered:
D:1:      scummos_arrival_checkerplants, layout_basic, minmay_liquid_box,
          minivault_14
D:2:      layout_basic, first_ration

Action                   || total
-------------------------++-------
Melee: Unarmed           ||    67
       Kick              ||     6
       Headbutt          ||     1
 Cast: Beastly Appendage ||     7
       Sticks to Snakes  ||     2
  Eat: Chunk             ||     3
Armor: Robe              ||    20
Dodge: Dodged            ||    74
